Unix NetHack Version 5.0.0-0 post-release - last build Jun 10 2026 00:39:30 (3ee93aec679c4c4259841fe613dc97188e26a321,branch:main).

Game began 2026-06-19 09:35:31, ended 2026-07-10 11:38:47.

Galadhan1, chaotic male elven Wizard

                          --------------------------
                          |>.)z.z.^.........)...[..|
                          |)......----------------.|
                          -------.------         |.|
                           |........`..|         |.|
                           |.`.......`.|         |.|
                          --------.----|         |.|
                          |%...........|         |.|
                          |.........)..|         |.|
                          -----*--------   ------|"|
                           |.....)....|  --|.....|.|
                           |....).....|  |?./....|.|
                           |.........--  |-|.....|.|
                          -------%----   |.....[%+[|
                          |........|     |-|.....|--
                          |........|     |%-.....|
                          |...------     --|.....|
                          -----            -------
Galadhan1 the Magician    St:15 Dx:17 Co:16 In:15 Wi:14 Ch:12  Chaotic
Dlvl:6  $:6988 HP:0(64) Pw:3(134) AC:4  Xp:10 T:17376  Burdened

Latest messages:
 In what direction? l
 The dagger hits the zruty.
 The zruty swings wildly and misses!
 In what direction? l
 The dagger hits the zruty.
 The zruty strikes at thin air!
 Click!  The zruty triggers a rolling boulder trap.
 You have no ammunition readied.
 What do you want to fire? [$V or ?*] *
 You ready: V - a dagger.
 In what direction? l
 The dagger slips as you throw it!
 A dagger hits the stairs.
 The dagger falls down the stairs.
 You see here 4 uncursed daggers.
 The zruty swings wildly and misses!
 You have a little trouble lifting R - 4 uncursed daggers (at the ready).
 The zruty swings wildly and misses!
 The zruty swings wildly and misses!
 The zruty swings wildly and misses!
 In what direction? h
 The dagger hits the zruty.
 In what direction? h
 The dagger hits the zruty.
 The zruty hits!
 The zruty hits again!
 The zruty bites!
 In what direction? h
 The spell misses the zruty.
 In what direction? h
 The spell hits the zruty!
 The zruty hits!
 The zruty hits again!
 The zruty bites!
 Please move the cursor to a monster, object or location.
 (For instructions type a '?')
 What do you want to drink? [fluLTU or ?*] f
 You feel better.
 The zruty hits!
 The zruty hits again!
 The zruty bites!
 The zruty hits!
 The zruty hits again!
 You die...
 Do you want your possessions identified? [ynq] (y) y
 Do you want to see your attributes? [ynq] (y) y
 Do you want an account of creatures vanquished? [ynaq] (y) n
 Do you want a list of species genocided? [ynaq] (y) y
 Do you want to see your conduct and achievements? [ynq] (y) y
 Do you want to see the dungeon overview? [ynq] (y) y

Inventory:
 Coins    ('$')
  $ - 6988 gold pieces
 Amulets  ('"')
  y - an uncursed amulet of flying
  N - an uncursed amulet of reflection (being worn)
 Weapons  (')')
  R - 2 +0 daggers (at the ready)
  a - a blessed +2 quarterstaff (weapon in hands)
 Armor    ('[')
  Q - an uncursed burnt +0 elven leather helm (being worn)
  E - an uncursed +2 pair of gauntlets of dexterity (being worn)
  J - an uncursed +0 pair of high boots
  Y - an uncursed burnt +0 pair of speed boots (being worn)
  b - an uncursed burnt +0 cloak of magic resistance (being worn)
  w - a blessed +0 mummy wrapping
  D - an uncursed +0 studded leather armor (being worn)
 Comestibles  ('%')
  h - 2 uncursed lembas wafers
  G - an uncursed lizard corpse
 Scrolls  ('?')
  i - a blessed scroll of charging
  Z - an uncursed scroll of destroy armor
  k - 2 uncursed scrolls of earth
  M - a cursed scroll of earth
  g - an uncursed scroll of enchant weapon
  p - an uncursed scroll of food detection
  C - 2 blessed scrolls of identify
  B - an uncursed scroll of magic mapping
 Potions  ('!')
  l - an uncursed potion of extra healing
  u - a blessed potion of hallucination
  T - a blessed potion of object detection
  L - an uncursed potion of sleeping
  U - 4 potions of holy water
 Rings    ('=')
  S - a cursed -1 ring of adornment
  P - an uncursed ring of cold resistance
  x - an uncursed ring of fire resistance
  H - an uncursed +1 ring of increase accuracy
  d - an uncursed ring of searching (on left hand)
  e - an uncursed ring of slow digestion (on right hand)
  m - an uncursed ring of sustain ability
 Wands    ('/')
  O - a wand of cancellation (0:3)
  q - a wand of cold (0:8)
  c - a wand of fire (0:2)
  I - a wand of lightning (0:5)
  A - a wand of opening (0:6)
  t - a wand of probing (0:5)
  v - a wand of speed monster (0:7)
  X - a wand of striking (0:3)
  W - a wand of wishing (0:1)
 Tools    ('(')
  o - an uncursed sack named B/U containing 10 items
  s - an uncursed credit card
  n - a magic marker (0:22)
  K - an uncursed oil lamp
  z - an uncursed skeleton key
  r - an uncursed tin opener
  j - a +0 unicorn horn

Contents of the sack named B/U:
  an uncursed chrysoberyl stone
  2 uncursed citrine stones
  an uncursed obsidian stone
  2 uncursed worthless pieces of black glass
  an uncursed worthless piece of blue glass
  3 uncursed worthless pieces of green glass
  an uncursed worthless piece of red glass
  2 uncursed worthless pieces of violet glass
  5 uncursed worthless pieces of yellow glass
  3 uncursed worthless pieces of yellowish brown glass

Galadhan1 the Wizard's attributes:

Background:
 You were a Magician, a level 10 male elven Wizard.
 You were chaotic, on a mission for Anhur
 who was opposed by Ptah (lawful) and Thoth (neutral).
 You were right-handed.
 You were in Sokoban, on level 6.
 You entered the dungeon 17376 turns ago.
 You had 6043 experience points, 3957 more were needed to attain level 11.

Basics:
 You had 0 out of 64 hit points.
 You had 3 out of 134 energy points (spell power).
 Your armor class was 4.
 Your wallet contained 6988 zorkmids.
 Autopickup was off.

Final Characteristics:
 Your strength was 15 (limit:18).
 Your dexterity was 17 (base:15, peak:17, limit:18).
 Your constitution was 16 (limit:16).
 Your intelligence was 15 (limit:20).
 Your wisdom was 14 (limit:20).
 Your charisma was 12 (limit:18).

Final Status:
 You weren't hungry.
 You were burdened; movement was slightly slowed.
 You were wielding a quarterstaff.
 You were skilled in quarterstaff.

Final Attributes:
 You were piously aligned.
 You were magic-protected.
 You were sleep resistant.
 You were poison resistant.
 You were telepathic.
 You had automatic searching.
 You had infravision.
 You were invisible.
 You had slower digestion.
 You were warded.
 You were very fast.
 You had reflection.
 You were unlucky.
 You are dead.

Miscellaneous:
 You didn't encounter any bones levels.
 Total elapsed playing time was 6 hours, 59 minutes and 2 seconds.

Major events:
 Turn
    1: Galadhan1 the chaotic male elven Wizard entered the dungeon
  117: performed his first genocide (class L)
 1650: attained the rank of Conjurer (level 3)
 2961: entered the Gnomish Mines
 3003: attained the rank of Thaumaturge (level 6)
 5282: reached Mine Town
 9777: entered the Bigroom
 9792: entered Sokoban
10000: completed 1st Sokoban level
10378: completed 2nd Sokoban level
10708: completed 3rd Sokoban level
11563: completed 4th Sokoban level
15930: attained the rank of Magician (level 10)
17201: acquired the Sokoban amulet of reflection
17376: killed by a zruty

Spells:
 Name                 Level Category     Fail Retention
 force bolt             1   attack         0%   13%-14%
 knock                  1   matter         0%    1%-25%
 healing                1   healing        0%   26%-50%
 charm monster          5   enchantment   98%   41%-50%

Skills:
 Fighting Skills
   bare handed combat [Unskilled]
   riding             [Unskilled]
 Weapon Skills
   dagger             [Skilled]
   knife              [Unskilled]
   axe                [Unskilled]
   short sword        [Unskilled]
   club               [Unskilled]
   mace               [Unskilled]
   quarterstaff       [Skilled]
   polearms           [Unskilled]
   spear              [Unskilled]
   trident            [Unskilled]
   sling              [Unskilled]
   dart               [Unskilled]
   shuriken           [Unskilled]
 Spellcasting Skills
   attack spells      [Expert]
   healing spells     [Unskilled]
   divination spells  [Unskilled]
   enchantment spells [Basic]
   clerical spells    [Unskilled]
   escape spells      [Unskilled]
   matter spells      [Unskilled]

Voluntary challenges:
 Character rerolling was not enabled.
 You genocided 4 types of monsters.
 You never polymorphed an object.
 You never changed form.
 You used no wishes.
 You did not violate any of the special Sokoban rules.
Achievements:
 You entered a shop.
 You attained the rank of Conjurer.
 You entered the Gnomish Mines.
 You attained the rank of Thaumaturge.
 You entered Minetown.
 You entered a temple.
 You entered the Big Room.
 You entered Sokoban.
 You attained the rank of Magician.
 You completed Sokoban.

 The Dungeons of Doom: levels 1 to 10
    Level 1:
       A sink.
    Level 2:
       A fountain, a sink.
    Level 3:
       Stairs down to The Gnomish Mines.
    Level 4:
       A potion shop, a fountain.
    Level 5:
       A general store.
    Level 6:
       An altar to Anhur.
    Level 7:
    Level 8:
       An armor shop.
    Level 9:
       Many fountains.
    Level 10:
       A very big room.
       Stairs up to Sokoban, level 9.
 The Gnomish Mines: levels 4 to 7
    Level 4:
    Level 5:
    Level 6:
    Level 7:
       Some shops, a temple and an altar, some fountains.
 Sokoban: levels 9 up to 6
    Level 6: <- You were here.
       Solved.
       Final resting place for
          you, killed by a zruty.
    Level 7:
       Solved.
    Level 8:
       Solved.
    Level 9:
       Solved.


Vanquished creatures:
  a giant mimic
  2 zruties
 an ogre tyrant
  a large mimic
  a stalker
  2 air elementals
  2 giant mummies
  a warg
  4 small mimics
  2 quantum mechanics
  2 gelatinous cubes
  a large dog
  a freezing sphere
  a flaming sphere
  a shocking sphere
  a large cat
  a tiger
  2 gargoyles
  4 tengu
 an energy vortex
  2 elf mummies
  2 human mummies
  a pit viper
  a wraith
  a carnivorous ape
  a Grey-elf
  2 soldiers
  a crocodile
  3 giant beetles
  a cockatrice
  a panther
  5 leprechauns
  a giant spider
  a scorpion
  2 horses
 an ice vortex
  a baby long worm
  2 black lights
  2 vampire bats
  a gnome ruler
 an orc mummy
  a dwarf mummy
  a yeti
  a gold golem
  4 werewolves
  5 lizards
  a chickatrice
  a housecat
  2 jaguars
  a dwarf leader
  2 blue jellies
  a gray unicorn
  a black unicorn
  3 dust vortices
  a plains centaur
  a gnome mummy
  2 snakes
  4 apes
  a Woodland-elf
  3 fire ants
  a quasit
  3 water nymphs
  2 orc shamans
  a rock piercer
  4 rock moles
  2 ponies
  2 fog clouds
  5 yellow lights
  3 violet fungi
  7 gnome leaders
  5 gnomish wizards
  a golden naga hatchling
  a gray ooze
  a barrow wight
  a ghoul
  4 giant ants
  4 floating eyes
 10 dwarves
  2 homunculi
  a kobold leader
  3 kobold shamans
 14 hill orcs
  7 rothes
  2 centipedes
  3 giant bats
  a monkey
 an orc zombie
  3 dwarf zombies
  a wererat
  5 iguanas
  2 acid blobs
  4 coyotes
  a hobbit
  2 hobgoblins
  5 giant rats
  2 cave spiders
  2 yellow molds
  a green mold
 31 gnomes
  2 garter snakes
  7 geckos
  8 jackals
  a fox
  a kobold
  3 goblins
  5 sewer rats
  4 grid bugs
  4 bats
  7 lichens
  a kobold zombie
  9 newts
303 creatures vanquished.

Genocided species:
 arch-liches
 master liches
 demiliches
 liches
4 species genocided.

Game over:
                       ----------
                      /          \
                     /    REST    \
                    /      IN      \
                   /     PEACE      \
                  /                  \
                  |    Galadhan1     |
                  |     6988 Au      |
                  |   killed by a    |
                  |      zruty       |
                  |                  |
                  |                  |
                  |       2026       |
                 *|     *  *  *      | *
        _________)/\\_//(\/(/\)/\//\/|_)_______

Goodbye Galadhan1 the Wizard...

You died in Sokoban on dungeon level 6 with 35684 points,
and 6988 pieces of gold, after 17376 moves.
You were level 10 with a maximum of 64 hit points when you died.

